AoeStats
← CHACHINN

MegaRandom

508586167Analyzed
4v4 RM · 9d ago on Sep 23, 2026· 23m 7s· 8 players
Game mode
Random Map
Map size
Large (8 player)
Population
200
Speed
Normal
Resources
Standard
Victory
Conquest
Starting age
Dark Age
Ending age
Imperial Age
RankedLock teamsTeams togetherTeam positionsShared explorationLock speedFull tech treeHidden civsTurbo modeCheats
Victory
Defeat
🇧🇴 Saxons · Bolivia
814
+13
🇨🇳 Danes · China
804
+14
🇦🇷 Huns · Argentina
743
+16
🇦🇷 Britons · Argentina
674
+20
🇨🇴 Mongols · Colombia
778
-16
🇧🇴 Saxons · Bolivia
753
-16
🇨🇱 Teutons · Chile
750
-16
🇺🇸 Koreans · United States
732
-15
zaff007008
12:15 Feudal Age
23:37 Castle Age
✪Coαch_98
Dr. Krauss
11:46 Feudal Age
10:03 Loom
12:38 Double-Bit Axe
13:43 Horse Collar
22:26 Castle Age
21:03 Wheelbarrow
21:41 Stone Mining
21:44 Gold Mining
23:27 Bow Saw
TuChilenitoMorenito
12:17 Feudal Age
13:36 Loom
20:37 Castle Age
19:05 Double-Bit Axe
19:48 Fletching
19:47 Horse Collar
n00b
10:32 Feudal Age
12:11 Double-Bit Axe
14:37 Castle Age
12:40 Horse Collar
geln897
8:19 Loom
11:31 Feudal Age
18:04 Castle Age
18:19 Fletching
20:00 Double-Bit Axe
23:14 Wheelbarrow
EL KEVIN
0:40 Loom
12:26 Feudal Age
16:04 Castle Age
15:08 Fletching
15:49 Double-Bit Axe
19:40 Gold Mining
CHACHINN
5:56 Loom
10:53 Feudal Age
23:16 Castle Age
Connection lost

Rejoining the realm…

Still unreachable

The connection could not be restored.

Session expired

The server has moved on; the page needs a fresh start.